[Event "FIDE WCCC U10 2018"]
[Site "Santiago de Compostela"]
[Date "2018.11.14"]
[Round "10"]
[White "Ansat, Aldiyar"]
[Black "Giang, Tran Nam"]
[Result "1/2-1/2"]
[ECO "B22"]
[WhiteElo "1899"]
[BlackElo "1747"]
[Annotator "NA RC"]
[PlyCount "92"]
[EventDate "2018.11.04"]
[EventType "swiss"]
[EventCountry "ESP"]
[SourceTitle "playchess.com"]
[Source "ChessBase"]
[SourceQuality "1"]
[TimeControl "40/5400+30:1800+30"]

1. e4 c5 2. c3 Nf6 3. e5 Nd5 4. Nf3 e6 5. Bc4 Nb6 6. Bb3 d6 7. d4 cxd4 8. cxd4 dxe5 9. Nxe5 Nc6 10. Nxc6 bxc6 11. O-O Be7 12. Nc3 O-O 13. Bf4 Ba6 {[%emt 0:01:54] LiveBook: 22 Games B22: Sicilian: 2 c3} 14. Re1 Bc4 15. Bc2 Re8 (15... g6 16. Be5 Nd7 17. Bg3 Qb6 18. b3 Bd5 19. Qd3 Rfd8 20. Rad1 Rac8 21. Bb1 {½-½ (43) Tiviakov,S (2697)-Rublevsky,S (2702) Dagomys 2009}) 16. Be5 $146 ({Predecessor:} 16. Rc1 g6 17. h3 Rc8 18. Ne4 Nd5 19. Be5 Bxa2 20. Ba4 Nb6 21. Bxc6 {½-½ (31) Janisch,M (1964)-Peled,S (2097) ICCF email 2013}) 16... Bd5 17. Re3 g6 18. b3 Bf6 19. Qe2 Qe7 20. Ne4 Bxe4 21. Bxe4 Nd5 22. Bxd5 cxd5 23. Rc3 Rec8 24. Rac1 Rxc3 25. Rxc3 Bxe5 26. Qxe5 Qb4 27. Rc2 a5 28. h4 a4 29. h5 axb3 30. axb3 Qb8 ({Inferior is} 30... Qxb3 {[#]} 31. h6 $1 Qb1+ 32. Kh2 f6 33. Qxe6+ Kf8 34. Rc7 Qh1+ 35. Kxh1 Ra1+ 36. Kh2 Rh1+ 37. Kxh1 g5 38. Qf7#) 31. Rc7 Qxb3 32. h6 Qd1+ 33. Kh2 Qh5+ 34. Qxh5 gxh5 35. Kg3 Kf8 36. Kf4 Ra2 37. Ke5 Ke8 ({Reject} 37... Rxf2 $6 38. Kd6 $16) 38. Rb7 h4 39. f4 (39. Kd6 $5 Ra6+ 40. Ke5 $11) 39... Rc2 40. Kd6 Rc8 41. Re7+ Kf8 42. Ra7 Ke8 43. Ke5 Rc2 44. Rb7 (44. f5 exf5 45. Kd6) 44... Ra2 (44... Rxg2 $5 45. Kd6 f5 46. Kxe6 (46. Rxh7 Rg6 $17) 46... Re2+ 47. Kxf5 h3 $17) 45. Rc7 Rb2 46. Ra7 Rc2 $11 {[%emt 0:00:08] Ke4} (46... Rxg2 $5 47. Kd6 f5 48. Kxe6 Re2+ 49. Kxf5 h3 $15) 1/2-1/2

[Event "FIDE WCCC U10 2018"]
[Site "Santiago de Compostela"]
[Date "2018.11.14"]
[Round "10"]
[White "Vetokhin, Savva"]
[Black "De Albuquerque, Ian Telek C."]
[Result "1-0"]
[ECO "B50"]
[WhiteElo "1874"]
[BlackElo "1725"]
[Annotator "NA RC"]
[PlyCount "85"]
[EventDate "2018.11.04"]
[EventType "swiss"]
[EventCountry "ESP"]
[SourceTitle "playchess.com"]
[Source "ChessBase"]
[SourceQuality "1"]
[TimeControl "40/5400+30:1800+30"]

1. e4 c5 2. Nf3 d6 3. g3 Nc6 4. Bg2 g6 5. d4 cxd4 6. Nxd4 Bg7 7. Be3 Bd7 8. Nc3 Nf6 9. O-O O-O 10. h3 Rc8 {[%emt 0:01:53] LiveBook: 6 Games B50: Sizilianisch (Verschiedenes mit 2...d6)} (10... Ne5 11. Nde2 Qc8 12. Kh2 b5 13. a3 Re8 14. Qc1 a5 15. Nd5 Nxd5 16. exd5 b4 17. axb4 axb4 18. Rxa8 Qxa8 19. b3 Bb5 20. Re1 Rc8 21. Qd1 Bxe2 22. Rxe2 Qa6 {½-½ (22) Fedorov,A (2598)-Robson,R (2656) Khanty-Mansiysk 2017}) 11. Nb3 Ne5 12. Nd2 Nc4 $146 ({Vorgänger:} 12... Qa5 13. f4 Nc4 14. Nxc4 Rxc4 15. Qd3 Rfc8 16. Rf2 Qb4 17. Re1 Qxb2 18. Nd1 Qb4 19. c3 Qa5 20. e5 Bf5 {0-1 (38) Kaushansky,L (2255)-Gurevich,D (2460) Illinois 1991}) 13. Nxc4 Rxc4 14. Qd3 Qc7 15. Bd4 Rc8 16. Bxf6 Bxf6 17. Nd5 Qc5 18. c3 Qb5 19. Rfb1 R4c5 20. Nxf6+ exf6 21. Qxd6 Be6 22. Qd2 Qb6 23. Rd1 R5c7 24. Qc2 Kg7 25. Rd2 Qb5 26. Qd3 Qa4 27. Qe3 a6 (27... Rd7 $16 {was worth a try.}) 28. e5 f5 29. Qg5 Rd7 30. Rxd7 (30. Qf6+ $18 Kg8 31. b3) 30... Qxd7 31. Bf3 Qd3 32. Qe3 Qb5 (32... Qxe3 $11 33. fxe3 b5) 33. b3 Rc5 $2 (33... Qa5 $16) 34. c4 Qa5 35. Qd4 Kg8 $2 (35... Rc7 $16) 36. Bxb7 Rxe5 {[%emt 0:01:54] [#]} 37. b4 $1 Qc7 38. Bxa6 Re4 39. Qc5 $2 (39. Qc3 $18) 39... Qxc5 40. bxc5 Bxc4 41. Bb7 Re5 42. c6 Rc5 $18 43. Rc1 1-0

[Event "FIDE WCCC U10 2018"]
[Site "Santiago de Compostela"]
[Date "2018.11.14"]
[Round "10"]
[White "Seemann, Jakub"]
[Black "Li Yihao"]
[Result "1/2-1/2"]
[ECO "B96"]
[WhiteElo "1869"]
[BlackElo "1601"]
[Annotator "NA RC"]
[PlyCount "104"]
[EventDate "2018.11.04"]
[EventType "swiss"]
[EventCountry "ESP"]
[SourceTitle "playchess.com"]
[Source "ChessBase"]
[SourceQuality "1"]
[TimeControl "40/5400+30:1800+30"]

1. e4 c5 2. Nf3 d6 3. d4 cxd4 4. Nxd4 Nf6 5. Nc3 a6 6. Bg5 e6 7. f4 h6 8. Bh4 Qb6 9. Qd3 {[%emt 0:01:25] B96: Sicilian Najdorf: 6 Bg5 e6 7 f4, lines other than 7...Qb6 and 7...Be7} (9. a3 Be7 10. Bf2 Qc7 11. Qf3 Nbd7 12. O-O-O b5 13. g4 Bb7 14. h4 Nc5 15. Bd3 h5 16. g5 Ng4 17. Rhg1 {½-½ (25) Grischuk,A (2766)-Vachier Lagrave,M (2779) Saint Louis 2018}) 9... Qxb2 10. Rb1 Qa3 11. Bxf6 gxf6 12. f5 Nc6 13. fxe6 $146 ({Predecessor:} 13. Nxc6 bxc6 14. Qf3 Qc5 15. fxe6 Bxe6 16. Qxf6 Rg8 {0-1 (29) Xylogiannopoulos,A (2104)-Schiendorfer,E (2349) Plovdiv 2012}) 13... fxe6 14. Nxc6 bxc6 15. Be2 Qc5 16. Nd1 Rg8 17. Ne3 Qa5+ 18. c3 Qg5 19. Bf3 Bd7 20. O-O Rg7 21. Rfd1 Kf7 22. Nc4 Qc5+ 23. Kh1 Rd8 24. Nxd6+ Bxd6 25. Qxd6 Qxd6 26. Rxd6 Ke7 27. Rbd1 Rgg8 28. Kg1 a5 29. Kf2 c5 30. Ke3 (30. e5 $14 fxe5 31. Ra6) 30... Ba4 31. Rxd8 Rxd8 32. Rb1 Be8 33. Rb6 Rd6 34. Rb8 Rd8 35. Rxd8 Kxd8 36. e5 f5 37. Kf4 Ke7 38. g3 Bf7 39. Bc6 Bh5 40. Ke3 Kd8 41. Kd3 Kc7 42. Ba4 Bg6 43. Kc4 Kb6 44. h3 Bh5 45. Bd7 Bf7 46. a4 Kc7 47. Bb5 Kb6 48. Kd3 Kc7 49. Ke3 Kd8 50. Kf4 Bg6 51. h4 $11 Bh5 52. Bc4 Kd7 1/2-1/2

[Event "FIDE WCCC U10 2018"]
[Site "Santiago de Compostela"]
[Date "2018.11.14"]
[Round "10"]
[White "Cnejev, Vladimir-Alexandru"]
[Black "Shivakumar, Shawnak"]
[Result "1/2-1/2"]
[ECO "B30"]
[WhiteElo "1810"]
[BlackElo "1688"]
[Annotator "NA RC"]
[PlyCount "73"]
[EventDate "2018.11.04"]
[EventType "swiss"]
[EventCountry "ESP"]
[SourceTitle "playchess.com"]
[Source "ChessBase"]
[SourceQuality "1"]
[TimeControl "40/5400+30:1800+30"]

1. e4 c5 2. Nf3 Nc6 3. c3 d5 4. exd5 Qxd5 5. d4 {[%emt 0:00:00] LiveBook: 2295 Games} cxd4 6. cxd4 e5 7. dxe5 (7. Nc3 $14 Bb4 8. Bd2 Bxc3 9. Bxc3) 7... Qxd1+ 8. Kxd1 Bg4 9. Bb5 {[%emt 0:01:33] B22: Sicilian: 2 c3} (9. Be2 O-O-O+ 10. Bd2 Bxf3 11. gxf3 Nxe5 12. Kc2 Bc5 13. Be3 Bxe3 14. fxe3 Ne7 15. f4 N5c6 16. Nc3 Nb4+ 17. Kb3 Nbd5 18. Bg4+ Kb8 19. Rhe1 f5 20. Bf3 Nxc3 21. Kxc3 Rd6 {½-½ (21) Jerez Perez,A (2397)-Munoz Pantoja,M (2452) Mollet del Valles 2016}) 9... O-O-O+ 10. Bd2 Bxf3+ 11. gxf3 Nxe5 12. Be2 Nf6 $146 ({Predecessor:} 12... Bc5 13. Ke1 Nf6 14. Be3 Rhe8 15. Bxc5 Nd3+ 16. Kf1 Nxc5 {½-½ (71) Khamrakulov,D-Adly,A Cannes 1997}) 13. Nc3 Bb4 14. Kc2 Rhe8 15. Rae1 Nc6 16. Be3 a6 (16... Nd4+ $17 17. Kb1 Nxe2 18. Rxe2 Bxc3 19. bxc3 Nd5) 17. Rd1 Bxc3 18. Rxd8+ Nxd8 19. bxc3 Ne6 20. Bc4 Nd7 21. f4 f6 22. Rg1 g6 23. h4 Ng7 24. Bd3 f5 25. Be2 Nf6 26. Bf3 Ngh5 27. c4 Re7 28. Kb3 Rd7 29. Kc2 Ng7 30. Rd1 Rxd1 31. Bxd1 Ne6 32. Bf3 Nh5 33. Bxh5 gxh5 34. f3 Kd7 35. Kd3 Kc6 36. a3 $11 b5 37. Kc3 1/2-1/2

[Event "FIDE WCCC U10 2018"]
[Site "Santiago de Compostela"]
[Date "2018.11.14"]
[Round "10"]
[White "Erten, Kerem"]
[Black "Emrikian, Aren"]
[Result "1-0"]
[ECO "A06"]
[WhiteElo "1807"]
[BlackElo "1658"]
[Annotator "NA RC"]
[PlyCount "155"]
[EventDate "2018.11.04"]
[EventType "swiss"]
[EventCountry "ESP"]
[SourceTitle "playchess.com"]
[Source "ChessBase"]
[SourceQuality "1"]
[TimeControl "40/5400+30:1800+30"]

1. Nf3 d5 2. b3 c5 3. e3 Nc6 4. Bb5 Bd7 5. Bb2 e6 6. O-O Nf6 7. Bxc6 Bxc6 8. Ne5 Rc8 9. f4 Be7 10. d3 O-O 11. Nd2 d4 {[%emt 0:02:10] A03: Bird's Opening with 1...d5} 12. e4 Be8 13. a4 Nd7 14. Nxd7 $146 ({Predecessor:} 14. Qg4 f5 15. Qh3 Nxe5 16. fxe5 g6 17. Nc4 Bc6 18. Rae1 Qd7 19. exf5 Rxf5 20. Rxf5 exf5 {0-1 (36) Dolezal,C (2435)-Macieja,B (2606) Burguillos 2008}) 14... Qxd7 15. Nc4 f6 16. Qf3 Bf7 17. Qg3 Rfe8 18. Rae1 b6 19. Bc1 Qc7 20. Qh3 a6 21. Nd2 Bd6 {[%emt 0:06:14] [#]} 22. e5 $1 Be7 23. exf6 Bxf6 24. Ne4 Qd8 25. f5 exf5 26. Qxf5 Bg6 27. Nxf6+ Qxf6 28. Qd5+ Bf7 29. Rxe8+ Rxe8 30. Qb7 Qg6 31. Bf4 b5 (31... h6 $11) 32. axb5 axb5 33. Bg3 ({Better is} 33. Qxb5 $16 Re2 34. Bg3) 33... b4 (33... h5 $11) 34. Qc7 Bd5 (34... h5 $16 {was worth a try.}) 35. Qxc5 Qc6 36. Qxc6 Bxc6 37. Re1 Rd8 38. Re6 Bb5 39. Rd6 Rc8 40. Rd5 Ba6 ({Lieber} 40... Be8 $14) 41. Ra5 ({Don't play} 41. Rxd4 Rxc2 42. Rd8+ (42. Rxb4 Bxd3 43. h3 Kf7 $14) 42... Kf7 $14) 41... Bb7 42. Ra2 (42. Rb5 $18 Bc6 43. Rxb4) 42... Rd8 $1 $11 {[%emt 0:01:14] remains equal.} 43. Be5 Rd5 44. Bg3 Bc6 45. Bf2 Kf7 46. Ra7+ Kf8 47. Be1 Rb5 {[%emt 0:02:03] [#]} 48. Rc7 $1 Be8 49. Rc4 Bf7 (49... Kf7 $142 50. Bxb4 Rd5 51. Rc7+ Kf6) 50. Rxd4 g6 51. Bxb4+ Ke8 52. g3 Rd5 53. Rxd5 Bxd5 54. Kf2 Kd7 55. Ke3 Kc6 56. c4 Bf7 57. Bc3 Kc7 58. b4 Kc6 59. Kd4 Be6 60. b5+ Kb7 $18 (60... Kb6 $142 61. Bd2 Bf5) 61. Kc5 Kc7 62. d4 Bd7 63. Ba5+ Kc8 64. Kd6 Be8 65. Bd2 Kb7 66. Ke7 h5 67. Kxe8 g5 68. c5 h4 69. gxh4 gxh4 70. Kd7 Kb8 71. b6 h3 72. c6 Ka8 73. b7+ Kb8 74. Bf4+ Ka7 75. b8=Q+ Ka6 76. c7 Ka5 77. c8=Q Ka4 78. Qa6# 1-0

[Event "FIDE WCCC U10 2018"]
[Site "Santiago de Compostela"]
[Date "2018.11.14"]
[Round "10"]
[White "Todev, Simeon"]
[Black "Materia, Marco"]
[Result "0-1"]
[ECO "C94"]
[WhiteElo "1767"]
[BlackElo "2035"]
[Annotator "NA RC"]
[PlyCount "114"]
[EventDate "2018.11.04"]
[EventType "swiss"]
[EventCountry "ESP"]
[SourceTitle "playchess.com"]
[Source "ChessBase"]
[SourceQuality "1"]
[TimeControl "40/5400+30:1800+30"]

1. e4 e5 2. Nf3 Nc6 3. Bb5 a6 4. Ba4 Nf6 5. O-O Be7 6. Re1 b5 7. Bb3 d6 8. c3 O-O 9. h3 Nb8 10. d3 Nbd7 11. Nbd2 Bb7 {[%emt 0:00:22] C94: Spanische Partie (Breyer-Variante)} 12. Bc2 (12. Nf1 Nc5 13. Bc2 Re8 14. Ng3 Bf8 15. b4 Ncd7 16. a4 h6 17. d4 d5 18. dxe5 Nxe4 19. axb5 axb5 20. Rxa8 Bxa8 21. Bf4 c5 22. bxc5 Bxc5 23. Be3 Nxc3 {½-½ (41) Vidit,S (2707)-Yu,Y (2760) Liaocheng 2018}) 12... Re8 13. Nf1 Bf8 14. Ng3 g6 15. Bg5 $146 ({Vorgänger:} 15. Bd2 c5 16. Qc1 d5 17. Bh6 dxe4 18. dxe4 Qe7 19. Nh4 Bxh6 20. Qxh6 {½-½ (49) Yeletsky,I (2344)-Matinian,N (2489) Samara 2016}) 15... h6 16. Be3 Bg7 17. Qd2 Kh7 18. a4 d5 19. axb5 axb5 20. Rad1 c5 21. exd5 Nxd5 22. Ne4 Qc7 23. Bb3 (23. c4 $17 {was necessary.} Nxe3 24. Qxe3) 23... f5 24. Neg5+ hxg5 25. Nxg5+ Kh8 26. Qe2 N7f6 27. Bd2 Nh5 28. Qf1 Nhf4 29. Bxf4 exf4 30. Ne6 Qd6 31. Nxg7 Kxg7 32. c4 Nc7 33. d4 Rxe1 34. Rxe1 cxd4 35. cxb5 d3 36. b6 d2 37. Rd1 Qxb6 38. Qc4 Rd8 39. Qxf4 (39. Qf7+ {is a better defense.} Kh6 40. Qe7) 39... Qxb3 40. Qxc7+ Kh6 41. Rxd2 (41. Qxd8 $142 Qxd1+ 42. Kh2) 41... Rxd2 42. Qf4+ g5 43. Qxd2 Qd5 44. Qxd5 Bxd5 45. Kh2 f4 46. g3 f3 47. g4 $1 Kg6 48. Kg3 Kf6 49. b4 Ke5 50. b5 $2 (50. h4 $11) 50... Kd4 51. h4 gxh4+ 52. Kxh4 Kc5 53. g5 (53. Kg5 Kxb5 54. Kf4 Kc4 55. Ke3 Kc5 56. g5 Kd6 57. Kf4 Ke6 58. g6 Kf6 59. g7 Kxg7 60. Kf5 Bb7 61. Kg5 Ba8 62. Kf5 Kh6 63. Kg4 Kg6 64. Kf4 Kf6 65. Ke3 Kf5 66. Kd2 Kg4 67. Ke3 Kh3 68. Kd4 Kg2 69. Kc4 Kxf2 70. Kb5 Ke1 71. Kc5 f2 72. Kd4 f1=Q 73. Ke5 Qf7 74. Kd6 Qd5+ 75. Ke7 Qe5+ 76. Kf7 Be4 77. Kf8 Qf6+ 78. Kg8 Qe7 79. Kh8 Qh7#) 53... Kxb5 54. Kg4 Kc4 55. Kf4 Kd3 56. g6 Ke2 57. Kg3 Ba2 0-1

[Event "FIDE WCCC U10 2018"]
[Site "Santiago de Compostela"]
[Date "2018.11.14"]
[Round "10"]
[White "Hladky, Tadeas"]
[Black "Xue, Haowen"]
[Result "0-1"]
[ECO "B22"]
[WhiteElo "1764"]
[BlackElo "2025"]
[Annotator "NA RC"]
[PlyCount "44"]
[EventDate "2018.11.04"]
[EventType "swiss"]
[EventCountry "ESP"]
[SourceTitle "playchess.com"]
[Source "ChessBase"]
[SourceQuality "1"]
[TimeControl "40/5400+30:1800+30"]

1. e4 c5 2. c3 d5 3. exd5 Qxd5 4. d4 Nc6 5. Nf3 Bg4 6. Be2 cxd4 7. cxd4 e6 8. Nc3 Qa5 9. O-O Nf6 10. h3 Bh5 11. Be3 Bd6 12. a3 {[%emt 0:15:13] LiveBook: 60 Games} O-O 13. b4 Qd8 14. Kh1 $146 {[%emt 0:02:20] B22: Sicilian: 2 c3} ({Predecessor:} 14. Qd2 Rc8 15. Rfd1 Nxb4 16. Rdb1 Nbd5 17. Nxd5 Nxd5 18. Rxb7 Rc7 19. Rxc7 Qxc7 20. Ne1 Bxe2 21. Qxe2 Qc3 {0-1 (40) Kantorik,M (2363)-Nisipeanu,L (2679) Legnica 2013}) 14... Bc7 15. Qb3 h6 16. Rfd1 Ne7 ({Don't play} 16... Bxf3 $6 17. Bxf3 Ne7 18. Bxb7 $14) 17. Nb5 Bb8 18. Rac1 Nfd5 19. Ng1 Nf5 20. g4 $2 ({Don't blunder} 20. Bxh5 $2 Ndxe3 21. Re1 a6 $19) (20. Bd2 $17) 20... Ndxe3 21. fxe3 Qh4 (21... Ng3+ $2 22. Kg2 $19) 22. gxh5 Qf2 0-1

[Event "FIDE WCCC U10 2018"]
[Site "Santiago de Compostela"]
[Date "2018.11.14"]
[Round "10"]
[White "Anand, Batsukh"]
[Black "Kolesov, Gordey"]
[Result "0-1"]
[ECO "C47"]
[WhiteElo "1746"]
[BlackElo "1823"]
[Annotator "NA RC"]
[PlyCount "94"]
[EventDate "2018.11.04"]
[EventType "swiss"]
[EventCountry "ESP"]
[SourceTitle "playchess.com"]
[Source "ChessBase"]
[SourceQuality "1"]
[TimeControl "40/5400+30:1800+30"]

1. e4 e5 2. Nf3 Nc6 3. Nc3 Nf6 4. a3 d5 5. Bb5 {[%emt 0:01:29] C47: Scotch Four Knights and Four Knights with 4 g3} d4 (5... Nxe4 6. Qe2 Qd6 7. Nxe4 dxe4 8. Qxe4 Bd7 9. d3 O-O-O 10. O-O Re8 11. Qe2 Qg6 12. Be3 Bd6 {0-1 (55) Caruana,F (2816)-Kramnik,V (2792) Paris 2018}) 6. Ne2 Nxe4 7. d3 Nf6 8. Nxe5 {[%emt 0:03:40] LiveBook: 6 Games} Qd5 9. Bxc6+ bxc6 10. Nf3 c5 11. Nf4 Qd6 12. Qe2+ $146 ({Predecessor:} 12. O-O Be7 {0-1 (33) Zadruzny,N (2295)-Collett,P (2225) Sweden 2006}) 12... Be7 13. O-O O-O 14. Ne5 Re8 15. Nc4 Qd8 16. Qf3 Bg4 17. Qg3 $1 Bf8 18. f3 Bf5 19. Nh3 Re2 20. Bd2 (20. Rf2 $1 $11 {and White stays safe.} Re1+ 21. Rf1) 20... h6 (20... Nh5 $17 21. Qg5 Bxh3 22. gxh3 Qxg5+ 23. Bxg5 Rxc2) 21. Nf4 {[%emt 0:01:58] [#]} Re8 (21... Rxd2 $1 $17 22. Nxd2 Bd6) 22. Rae1 Bd6 23. Rxe8+ Qxe8 24. Nxd6 cxd6 25. Nh3 Kh7 26. Qxd6 Qe2 (26... Bxh3 $11 27. gxh3 Rc8) 27. Qf4 Bxh3 28. gxh3 Qe6 29. Kg2 ({White should try} 29. h4 $14) 29... Kg8 30. b3 Qa6 31. a4 Re8 32. Qf5 Qd6 33. Re1 Rxe1 34. Bxe1 g6 35. Qc8+ Kg7 36. Bg3 Qe7 37. Bf2 Nd5 38. Qb8 $2 (38. Qg4) 38... Qe2 39. Kg3 h5 40. Qd8 $2 (40. h4) 40... Ne3 41. Bxe3 dxe3 42. Qe7 Qf2+ 43. Kf4 e2 44. Qe5+ Kh7 45. Qe7 Qxh2+ 46. Kg5 Qg3+ 47. Kf6 Qh4+ 0-1

[Event "FIDE WCCC U10 2018"]
[Site "Santiago de Compostela"]
[Date "2018.11.14"]
[Round "10"]
[White "Pham, Tran Gia Phuc"]
[Black "Habans Aguerrea, Javier"]
[Result "1-0"]
[ECO "A50"]
[WhiteElo "1736"]
[BlackElo "1892"]
[Annotator "NA RC"]
[PlyCount "91"]
[EventDate "2018.11.04"]
[EventType "swiss"]
[EventCountry "ESP"]
[SourceTitle "playchess.com"]
[Source "ChessBase"]
[SourceQuality "1"]
[TimeControl "40/5400+30:1800+30"]

1. d4 Nf6 2. c4 Nc6 3. d5 Ne5 4. e3 {[%emt 0:00:23] A50: Queen's Fianchetto Defence (1 d4 Nf6 2 c4 b6)} Ng6 (4... e6 5. Nc3 Bb4 6. Bd2 O-O 7. a3 Bxc3 8. Bxc3 d6 9. f3 exd5 10. cxd5 Re8 11. Qd2 Bd7 {0-1 (34) Vasilevich,T (2372)-Kosteniuk,A (2537) Sochi 2016}) 5. Nc3 e5 6. Nf3 d6 7. Bd3 Be7 8. h3 O-O 9. Qc2 Nh5 $146 ({Predecessor:} 9... Nd7 10. Bf5 a5 11. b3 Nc5 12. g4 Bf6 13. Ne4 b6 {0-1 (39) Aubert,C (1999)-Areklett,I (2098) Oslo 2014}) 10. Nh2 Qe8 11. Be2 Nf6 12. Bd2 Nd7 13. O-O-O f5 14. f4 Bf6 15. Bh5 e4 16. g4 Nc5 17. Kb1 a6 18. Nf1 Bh4 $1 19. Be1 Bxe1 20. Rxe1 b5 (20... Nd3 $5 21. Rd1 Qe7 $14) 21. Nd2 b4 (21... bxc4 $11 {keeps the balance.} 22. Reg1 Qe7) 22. Ne2 a5 23. Nd4 Bd7 (23... Qe7 $14) 24. gxf5 ({Don't do} 24. Nxf5 $6 Bxf5 25. gxf5 Rxf5 $14) 24... Bxf5 25. Nf1 (25. Reg1 $18) 25... Bd7 26. Ng3 Qe7 27. Bg4 Rfe8 28. Bxd7 Qxd7 29. h4 a4 30. h5 b3 31. Qg2 bxa2+ 32. Ka1 ({Less strong is} 32. Kxa2 Ne7 $14) 32... Ne7 33. Nxe4 (33. Reg1 $18 {has better winning chances.}) 33... Nxe4 $2 (33... Nxd5 $16 {might work better.} 34. Nxc5 dxc5) 34. Qxe4 a3 35. b3 Nc8 36. Ne6 c5 37. Rhg1 Qe7 (37... Qf7 $142 38. Rg2 (38. Kxa2 Ra7 $18) 38... Qf6+ 39. Kxa2 Ra7) 38. Qf5 g6 39. hxg6 h6 40. Rh1 Rf8 41. Qxf8+ Qxf8 42. Nxf8 Kxf8 43. Rxh6 Kg7 44. Reh1 Nb6 45. e4 Re8 46. Rh7+ 1-0

[Event "FIDE WCCC U10 2018"]
[Site "Santiago de Compostela"]
[Date "2018.11.14"]
[Round "10"]
[White "von Mettenheim, Johannes"]
[Black "Kuhn, Clement"]
[Result "1-0"]
[ECO "E35"]
[WhiteElo "1718"]
[BlackElo "2087"]
[Annotator "NA RC"]
[PlyCount "116"]
[EventDate "2018.11.04"]
[EventType "swiss"]
[EventCountry "ESP"]
[SourceTitle "playchess.com"]
[Source "ChessBase"]
[SourceQuality "1"]
[TimeControl "40/5400+30:1800+30"]

1. d4 Nf6 2. c4 e6 3. Nc3 Bb4 4. Qc2 d5 5. cxd5 exd5 6. Nf3 O-O 7. Bg5 {[%emt 0:00:05] E32: Nimzo-Indian: Classical (4 Qc2): 4...0-0} h6 8. Bh4 Nc6 (8... c5 9. e3 cxd4 10. Nxd4 Nc6 11. Nxc6 bxc6 12. a3 Bxc3+ 13. Qxc3 d4 14. Qxd4 Qxd4 15. exd4 {½-½ (28) Laznicka,V (2662)-Gelfand,B (2703) Novy Bor 2018}) 9. e3 Re8 10. Bd3 Bg4 11. O-O-O ({Lieber} 11. O-O $14) 11... Bxc3 $146 ({Predecessor:} 11... Bxf3 12. gxf3 Bxc3 13. Qxc3 Qe7 14. a3 Qe6 15. Rhg1 Rad8 {1-0 (50) Bennett,G (1483)-Johnson,B (1436) IECC email 1998}) 12. Qxc3 Qd6 13. h3 Nb4 14. Kb1 Nxd3 $2 (14... Bh5 $15 {keeps the upper hand.} 15. g4 Nxd3 16. gxh5 Nb4) 15. hxg4 Nb4 $2 (15... Nxf2 $16 {is a better defense.} 16. Bxf2 Nxg4) 16. Bxf6 $1 gxf6 $2 (16... a5 17. a3 Qxf6 18. axb4 axb4) 17. Rxh6 Qe7 18. a3 Qe4+ 19. Ka1 Na6 20. Rxf6 Qxg4 21. Qb3 Re6 22. Rf4 Qh5 23. g4 Qg6 24. Rh1 Rd8 25. Ne5 Nc5 {[%emt 0:02:56] [#]} 26. Rh8+ $1 Kg7 27. Qd1 Rxe5 28. Rxd8 Ne6 29. dxe5 Nxd8 30. Qxd5 Ne6 31. Rb4 a5 32. Rc4 b6 33. Qe4 Qh6 34. g5 Qh3 35. Qg4 Qf1+ 36. Ka2 Nc5 37. Rc2 a4 38. Qd4 Nb3 39. Qxa4 Nc1+ 40. Rxc1 Qxc1 41. Qb3 Qf1 (41... Qd2 $142 42. f4 Qd7) 42. e6 fxe6 43. Qxe6 Qxf2 {[%emt 0:13:35] [#]} 44. Qf6+ $1 Qxf6 45. gxf6+ Kxf6 46. Kb3 Ke5 47. Kc4 c6 48. Kd3 Kd5 49. e4+ Ke5 50. b4 b5 51. Ke3 Ke6 52. Kd4 Kd6 53. e5+ Kd7 54. Kc5 Ke6 55. Kxc6 Kxe5 56. Kxb5 Kd6 57. Kb6 Kd7 58. Kb7 Kd6 1-0

[Event "FIDE WCCC U10 2018"]
[Site "Santiago de Compostela"]
[Date "2018.11.14"]
[Round "10"]
[White "Deuer, Marius"]
[Black "Royal, Shreyas"]
[Result "1-0"]
[ECO "E10"]
[WhiteElo "1695"]
[BlackElo "2048"]
[Annotator "NA RC"]
[PlyCount "99"]
[EventDate "2018.11.04"]
[EventType "swiss"]
[EventCountry "ESP"]
[SourceTitle "playchess.com"]
[Source "ChessBase"]
[SourceQuality "1"]
[TimeControl "40/5400+30:1800+30"]

1. c4 e6 2. d4 Nf6 3. Nf3 d5 4. Qc2 c6 5. Bg5 Nbd7 6. cxd5 exd5 7. e3 Be7 8. Nc3 O-O 9. Bd3 Re8 10. O-O h6 11. Bh4 Ne4 12. Bxe4 Bxh4 13. Bh7+ Kh8 14. Nxh4 {[%emt 0:00:20] D36: Damengambit (Abtauschvariante)} Qxh4 15. Bd3 Nf6 {[%emt 0:03:11] LiveBook: 3 Games} 16. Bf5 $146 ({Vorgänger:} 16. b4 Bd7 17. a4 Qg5 18. Ne2 Rac8 19. Rfc1 g6 20. Qd2 Bf5 21. b5 Bxd3 22. Qxd3 {½-½ (31) Grill,H (2474)-Marti Pericot,J (2497) ICCF email 2013}) 16... Ne4 17. Bxc8 (17. Bxe4 $5 dxe4 18. Rac1 $14) 17... Raxc8 18. Nxe4 Rxe4 19. b4 Rg4 20. b5 Rg5 21. f4 Rg4 22. Rf3 Rg6 23. Qf5 Rc7 24. Rc1 Qe7 25. Qc2 Re6 26. Qc3 Rc8 27. Qb3 Re8 28. bxc6 bxc6 29. Rc3 Qh4 30. g3 Qg4 31. Kg2 Qf5 32. Rf2 h5 33. Qc2 Qf6 34. Rf3 Qh6 35. Qf5 Rf6 36. Qd7 Ree6 (36... Ra8 $14) 37. Qxa7 Qg6 38. Qb8+ Kh7 39. Qb2 h4 40. Qc2 Re4 41. Rf1 ({Better is} 41. a4 $18) 41... Qg4 42. Qd1 Qe6 43. Qf3 Rh6 {[%emt 0:03:19] [#]} 44. g4 $1 c5 45. g5 ({Of course not} 45. Rxc5 Rxe3 46. f5 (46. Qxd5 h3+ 47. Kg1 Qxg4+ 48. Kh1 Re2 $15) 46... Qe8 $11) (45. dxc5 $16 Qa6 46. Rf2) 45... cxd4 46. exd4 Rg6 $2 (46... h3+ $11 47. Kg3 Re2) 47. Qh5+ Kg8 48. f5 Re2+ 49. Kg1 $18 Qb6 50. Rc8+ 1-0

[Event "FIDE WCCC U10 2018"]
[Site "Santiago de Compostela"]
[Date "2018.11.14"]
[Round "10"]
[White "Cacheiro Blanco, Diego"]
[Black "Salinas Tomas, Daniel"]
[Result "1-0"]
[ECO "E20"]
[WhiteElo "1453"]
[BlackElo "1772"]
[Annotator "NA RC"]
[PlyCount "125"]
[EventDate "2018.11.04"]
[EventType "swiss"]
[EventCountry "ESP"]
[SourceTitle "playchess.com"]
[Source "ChessBase"]
[SourceQuality "1"]
[TimeControl "40/5400+30:1800+30"]

1. d4 Nf6 2. c4 e6 3. Nc3 Bb4 4. f3 c5 5. d5 exd5 6. cxd5 O-O 7. e4 d6 8. Bd3 Re8 9. Nge2 Qb6 10. Rb1 Qd8 11. Bg5 Nbd7 12. O-O h6 13. Bf4 Nf8 14. Nb5 Nh5 15. Bxd6 a6 16. Bxf8 axb5 17. a3 Bxa3 18. bxa3 Rxf8 19. Bxb5 Rxa3 20. Qc1 Ra2 21. Qxc5 Qg5 22. Qc1 Qg6 23. Bc4 Bh3 24. Rf2 Ra4 25. Bb3 Ra6 26. Nf4 Nxf4 27. Qxf4 Rc8 28. Qg3 Qxg3 29. hxg3 Bd7 30. Rc2 Raa8 31. Rxc8+ Bxc8 32. d6 Bd7 33. Bd5 Bc6 34. Bxc6 bxc6 35. Rb6 Rc8 36. Kf2 f6 37. Ke3 c5 38. Kd3 Kf7 39. Rb7+ Ke6 40. Rxg7 Kxd6 41. Rg6 Ra8 42. Rxf6+ Kc7 43. Kc4 Ra2 44. Kxc5 Rxg2 45. Rxh6 Rxg3 46. f4 Rg4 47. Rf6 Kd7 48. e5 Ke7 49. f5 Rg1 50. Re6+ Kf7 51. Kd6 Rf1 52. Re7+ Kf8 53. f6 Ra1 54. Rc7 Ra6+ 55. Rc6 Ra1 56. Ke6 Ra8 57. f7 Rb8 58. Kf6 Rb6 59. Re6 Rb8 60. Re8+ Rxe8 61. fxe8=Q+ Kxe8 62. Ke6 Kf8 63. Kd7 1-0